 Dungeon Crawl Stone Soup version 0.30-b1-2-g02819fbbbe (webtiles) character file.

Game seed: 1302663633331530794

25 diana the Ducker (level 2, -2/23 HPs)
             Began as a Demonspawn Gladiator on June 10, 2023.
             Slain by a hobgoblin (3 damage)
             ... on level 1 of the Dungeon.
             The game lasted 00:01:12 (693 turns).

diana the Ducker (Demonspawn Gladiator)              Turns: 693, Time: 00:01:12

Health: -2/23      AC:  4    Str: 14    XL:     2   Next: 82%
Magic:  2/2        EV: 12    Int:  9    God:
Gold:   59         SH:  0    Dex: 14    Spells: 1/1 levels left

rFire   . . .        a - +0 long sword
rCold   . . .        (no shield)
rNeg    . . .        b - +0 leather armour
rPois   .            c - +0 helmet
rElec   .            (no cloak)
rCorr   .            (no gloves)
SInv    .            (no boots)
Will    .....        (no amulet)
Stlth   +            (no ring)
HPRegen 0.23/turn    (no ring)
MPRegen 0.08/turn

%: no passive effects
@: no status effects
A: demonic magic 1
a: no special abilities


You were on level 1 of the Dungeon.
You visited 1 branch of the dungeon, and saw 2 of its levels.

You collected 59 gold pieces.

Inventory:

Hand Weapons
 a - a +0 long sword (weapon)
Missiles
 d - 3 throwing nets (quivered)
 e - a javelin
Armour
 b - a +0 leather armour (worn)
 c - a +0 helmet (worn)
Scrolls
 f - a scroll of acquirement {unknown}
 g - a scroll of enchant armour {unknown}
 i - a scroll of identify {unknown}
Potions
 h - a potion of ambrosia {unknown}
 j - a potion of cancellation {unknown}


   Skills:
 + Level 2.3 Fighting
 + Level 3.0 Long Blades
 - Level 1.7 Throwing
 + Level 1.0 Armour
 + Level 3.0 Dodging


You had one spell level left.
You didn't know any spells.
Your spell library was empty.

Dungeon Overview and Level Annotations

Branches:
Dungeon (2/15)

Altars:


Innate Abilities, Weirdness & Mutations

Spells you cast may paralyse adjacent enemies.


Message History

You hit the hobgoblin but do no damage. The rat bites you but does no damage.
The hobgoblin closely misses you. The quokka misses you.
You closely miss the hobgoblin.
The quokka bites you but does no damage.
The rat barely misses you. The hobgoblin closely misses you.
The quokka bites you. The rat bites you but does no damage.
The hobgoblin hits you.
You closely miss the hobgoblin. The quokka bites you.
The rat closely misses you. The hobgoblin hits you.
You hit the hobgoblin.
The hobgoblin is moderately wounded.
The quokka bites you.
The rat twitches its whiskers.
The rat bites you but does no damage. The hobgoblin misses you.
The quokka completely misses you.
You are too injured to fight recklessly!
You are too injured to fight recklessly!
You are too injured to fight recklessly!
You are too injured to fight recklessly!
You are too injured to fight recklessly!
You are too injured to fight recklessly!
You are too injured to fight recklessly!
The rat bites you but does no damage.
The hobgoblin hits you but does no damage.
The quokka bites you.
You climb upwards.
There is a stone staircase leading down here.
The quokka bites you.
* * * LOW HITPOINT WARNING * * *
The rat bites you but does no damage. The rat attacks as you move away!
The rat bites you.
* * * LOW HITPOINT WARNING * * *
The quokka misses you. The quokka closely misses you.
The hobgoblin attacks as you move away! The hobgoblin hits you.
* * * LOW HITPOINT WARNING * * *
The hobgoblin attacks as you move away! The hobgoblin hits you.
* * * LOW HITPOINT WARNING * * *
The hobgoblin attacks as you move away! The hobgoblin hits you.
You die...

......[.#..........##.## #
........#..........##..### ###
.......##.......>..###...######..
.......###....##....####.##..÷..#
.......##..#####....# #)...#####
....#####.## #....#####(#######
..#.## ##.# #r.........# #....
..#).###..# #gr..#####.# #.###
...).....## ###@...# #.###.#
........## #...#### #.÷##.#
.(#.....######.### ##.##.#
#.##............# #.#..#
........_.####..### ###...##
.#..#(###.###.....# ###....##
.#..#.....##..###.####...##.## #
.#..#........####.##...####..# #
.................).....# ##.# #


You could see a quokka, a hobgoblin and a rat.

Vanquished Creatures
  4 ball pythons (D:1)
  3 endoplasms (D:1)
  4 goblins (D:1)
  2 hobgoblins (D:1)
  2 kobolds (D:1)
  A quokka (D:1)
  3 bats (D:1)
  3 rats (D:1)
22 creatures vanquished.

Notes
Turn   | Place    | Note
-------+----------+-------------------------------------------
     0 | D:1      | diana the Demonspawn Gladiator began the quest for the Orb.
     0 | D:1      | Reached XP level 1. HP: 16/16 MP: 1/1
    56 | D:1      | Found a faded altar of an unknown god.
   126 | D:1      | Gained mutation: Spells you cast may paralyse adjacent
                  | enemies. [demonic ancestry]
   126 | D:1      | Reached XP level 2. HP: 19/22 MP: 2/2
   427 | D:1      | Reached skill level 1 in Armour
   691 | D:1      | HP: 1/23 [hobgoblin (3)]
   693 | D:1      | Slain by a hobgoblin

Illustrated notes

Levels and vault maps discovered:
D:1:      dpeg_arrival_court, layout_rooms, hellmonk_ecumenical_altar_lost_god,
          minmay_pentomino_v4
D:2:      layout_rooms, grunt_ministairs_14, minmay_mini_jars

Skill      XL: |  1  2 |
---------------+-------+-----
Dodging        | 3 |  3.0
Long Blades    | 3 |  3.0
Armour         | 1 |  1.0
Fighting       | |  2.3
Throwing       | |  1.7

Action                     || total
---------------------------++-------
  Melee: Long sword        ||    72
 Armour: Leather armour    ||    36
  Dodge: Dodged            ||    61
